 Dungeon Crawl Stone Soup version 0.30.1-9-gdf580d7c3d (webtiles) character file.

Game seed: 5899590151234732640

361 Ivernyr the Trooper (level 6, -6/51 HPs)
             Began as a Formicid Fighter on Sept 28, 2023.
             Mangled by an ogre
             ... wielding a +0 giant club
              (28 damage)
             ... on level 5 of the Dungeon.
             The game lasted 00:08:01 (3855 turns).

Ivernyr the Trooper (Formicid Fighter)              Turns: 3855, Time: 00:08:01

Health: -6/51      AC:  7    Str: 23    XL:     6   Next: 99%
Magic:  6/6        EV:  7    Int:  7    God:
Gold:   176        SH: 13    Dex: 13    Spells: 5/5 levels left

rFire   . . .        a - +0 flail
rCold   . . .        c - +0 tower shield
rNeg    . . .        b - +0 scale mail
rPois   .            (helmet unavailable)
rElec   .            (no cloak)
rCorr   .            (no gloves)
SInv    +            (no boots)
Will    .....        (no amulet) Stlth
                     (no ring)
HPRegen 0.28/turn    (no ring)
MPRegen 0.10/turn

%: no passive effects
@: no status effects
A: permanent stasis, dig shafts and tunnels, antennae 3, four strong arms
a: Dig, Shaft Self


You were on level 5 of the Dungeon.
You visited 1 branch of the dungeon, and saw 5 of its levels.

You collected 176 gold pieces.

Inventory:

Hand Weapons
 a - a +0 flail (weapon)
Armour
 b - a +0 scale mail (worn)
 c - a +0 tower shield (worn)
Jewellery
 l - a ring of poison resistance
Scrolls
 e - 3 scrolls of vulnerability {unknown}
 g - 4 scrolls of identify {unknown}
 i - 3 scrolls of teleportation {unknown}
 j - a scroll of summoning {unknown}
 m - a scroll of torment {unknown}
Potions
 d - 2 potions of might
 f - 2 potions of curing {unknown}
 h - 2 potions of lignification {unknown}
 k - a potion of flight {unknown}


   Skills:
 + Level 5.3 Fighting
 + Level 4.2 Maces & Flails
 + Level 5.2 Armour
 - Level 4.0 Shields


You had 5 spell levels left.
You didn't know any spells.
Your spell library contained the following spells:

 Spells                   Type           Power      Damage    Failure   Level
 Ensorcelled Hibernation  Hex/Ice        0%         N/A       100%        2
 Lesser Beckoning         Tloc           0%         N/A       100%        2
 Momentum Strike          Conj/Tloc      0%         3d8       100%        2
 Passwall                 Tmut/Erth      0%         N/A       100%        2
 Spider Form              Tmut/Pois      0%         N/A       100%        3
 Anguish                  Hex/Necr       0%         N/A       100%        4
 Blink                    Tloc           Unusable   N/A       N/A         2
 Swiftness                Air            Unusable   N/A       N/A         3

Dungeon Overview and Level Annotations

Branches:
Dungeon (5/15)
 Temple: D:4-7

Altars:
Hepliaklqana
Kikubaaqudgha
Okawaru
Zin

Shops:
D:3 =


Innate Abilities, Weirdness & Mutations

You cannot be hasted, slowed, berserked, paralysed or teleported.
You can dig through walls and to a lower floor.
You have a pair of large antennae on your head. (SInv)
Your four strong arms can wield two-handed weapons with a shield.


Message History

The ogre shouts!
You closely miss the ufetubus. You block the ufetubus's attack.
The ufetubus barely misses you. You block the ufetubus's attack.
The ufetubus hits you.
You miss the ufetubus. You block the ufetubus's attack. x2
The ufetubus closely misses you. The ufetubus completely misses you.
You hit the ufetubus.
The ufetubus is moderately wounded.
The ufetubus hits you. You block the ufetubus's attack. x2
The ufetubus hits you.
You barely miss the ufetubus.
The ufetubus is moderately wounded.
You block the ufetubus's attack.
The ufetubus hits you but does no damage.
You block the ufetubus's attack. The ufetubus closely misses you.
You block the ogre's attack. The ufetubus barely misses you.
The ufetubus hits you. You block the ufetubus's attack. x2
The ufetubus hits you but does no damage.
The ufetubus hits you.
You sock the ufetubus!
You kill the ufetubus!
You block the ogre's attack.
You sock the ogre!
The ogre is moderately wounded.
The ogre hits you with a +0 giant club!
You hit the ogre.
The ogre is heavily wounded.
The ogre hits you with a +0 giant club!
You hit the ogre but do no damage.
The ogre is heavily wounded.
The ogre hits you with a +0 giant club.
You hit the ogre but do no damage.
The ogre is heavily wounded.
You block the ogre's attack.
You closely miss the ogre.
The ogre is heavily wounded.
The ogre hits you with a +0 giant club!!
Ouch! That really hurt!
You die...

.....# ....## ..### #...#
#..### #..#.### ####
#......# ##..## ###
.......#### ##....###.##
..........####..@#..#...##
............##..O##......#
........#...#.....#.....##
......####..##........###
....... #...##.##......#
........
#...####..#.......#
....#...
###..#...###......#
....###. #...............#
..........###....##.#.#


You could see an ogre.

Vanquished Creatures
  An ogre (D:4)
  A scorpion (D:4)
  A jelly (D:5)
  3 gnolls (D:3)
  9 adders
  An ufetubus (D:5)
  A dart slug (D:2)
  4 orcs
  5 ball pythons
  6 endoplasms
  2 giant cockroaches
  3 goblins
  10 hobgoblins
  7 jackals
  4 kobolds
  2 quokkas
  7 bats
  2 frilled lizards (D:1)
  5 rats
74 creatures vanquished.

Notes
Turn   | Place    | Note
-------+----------+-------------------------------------------
     0 | D:1      | Ivernyr the Formicid Fighter began the quest for the Orb.
     0 | D:1      | Reached XP level 1. HP: 18/18 MP: 1/1
   176 | D:1      | Reached XP level 2. HP: 24/24 MP: 2/2
   831 | D:2      | Found a faded altar of an unknown god.
   945 | D:2      | Identified the +4 dagger of Dethrilae {flame, +Blink rN+
                  | rCorr Int-4}
   988 | D:2      | Reached XP level 3. HP: 30/30 MP: 3/3
  1383 | D:2      | Reached XP level 4. HP: 20/37 MP: 4/4
  2225 | D:3      | Reached XP level 5. HP: 42/42 MP: 5/5
  2234 | D:3      | Found Tuymnawk's Jewellery Shop.
  2635 | D:3      | Found a hazy altar of Hepliaklqana.
  2737 | D:3      | Found an iron altar of Okawaru.
  3101 | D:4      | Reached XP level 6. HP: 45/50 MP: 6/6
  3268 | D:4      | Found an ancient bone altar of Kikubaaqudgha.
  3269 | D:4      | Noticed an ogre
  3282 | D:4      | Killed an ogre
  3283 | D:4      | Reached skill level 5 in Fighting
  3283 | D:4      | Reached skill level 5 in Armour
  3425 | D:4      | Found a glowing silver altar of Zin.
  3655 | D:5      | Entered Level 5 of the Dungeon
  3836 | D:5      | Noticed an ogre
  3855 | D:5      | Mangled by an ogre

Illustrated notes

Levels and vault maps discovered:
D:1:      amcnicky_arrival_feature_with_door, layout_basic
D:2:      kennysheep_big_flooded_room, layout_basic, basic_ecumenical_altar,
          nicolae_hexahallways
D:3:      layout_basic, hellmonk_okawaru_the_only_friend_you_need,
          worldfamousw_hep_ancestral_shrine, serial_shops, shop,
          nicolae_eternal_life, st_stairs_9
D:4:      layout_basic, zin_scriptorium, mainiacjoe_overflow_chevrons,
          grunt_ministairs_13
D:5:      layout_cave_pools, lemuel_crystal_altar,
          gammafunk_temple_overflow_forgotten

Skill      XL: |  1  2  3  4  5  6 |
---------------+-------------------+-----
Fighting       | 4 5 |  5.3
Armour         | 4 5 |  5.2
Maces & Flails | 3 4 |  4.2
Shields        | |  4.0

Action                     |  1- 3 |  4- 6 || total
---------------------------+-------+-------++-------
  Melee: Flail             |    91 |   175 ||   266
 Armour: Scale mail        |    43 |    75 ||   118
  Dodge: Dodged            |    44 |    64 ||   108
  Block: Buckler           |    25 |    68 ||    93
         Tower shield      |       |    22 ||    22
